 Dungeon Crawl Stone Soup version 0.32-a0-422-g28b100f618 (webtiles) character file.

Game seed: 5735401454655463005

21177 Ceno the Slicer (level 12, 0/92 HPs)
             Began as a Coglin Brigand on Feb 21, 2024.
             Was a Priest of Dithmenos.
             Slain by a cane toad (13 damage)
             ... on level 3 of the Lair of Beasts.
             The game lasted 00:49:19 (12117 turns).

Ceno the Slicer (Coglin Brigand)                   Turns: 12117, Time: 00:49:20

Health: 0/92       AC: 14    Str: 12    XL:     12   Next: 87%
Magic:  12/12      EV: 16    Int: 11    God:    Dithmenos [***...]
Gold:   687        SH:  0    Dex: 26    Spells: 11/11 levels left

rFire   . . .        t - +0 rapier (venom) {Xiang}
rCold   . . .        B - +0 rapier (spect) {Thoko}
rNeg    . . .        N - +0 swamp dragon scales
rPois   +            z - +2 hat
rElec   .            c - +2 cloak
rCorr   .            (no gloves)
SInv    +            (no boots)
Will    .....        u - amulet of regeneration
Stlth   ++++++       o - +6 ring of dexterity
HPRegen 1.15/turn    A - ring of see invisible
MPRegen 0.13/turn

%: no passive effects
@: lethally poisoned (0 -> -1), about to teleport, marked, immotile, wreathed by
umbra, revved
A: off-hand wielding, slow wielding, warmup strikes, legs shutdown
a: Renounce Religion, Shadow Step


You were on level 3 of the Lair of Beasts.
You worshipped Dithmenos.
Dithmenos was most pleased with you.
You visited 3 branches of the dungeon, and saw 14 of its levels.
You also visited: Sewer.

You collected 687 gold pieces.

Inventory:

Hand Weapons
 a - a +2 dagger {Anneliese}
 l - a +2 short sword of protection {Friðuswiþ}
 t - a +0 rapier of venom (weapon) {Xiang}
 B - a +0 spectral rapier (offhand) {Thoko}
 D - a +0 dagger of electrocution {Gebhard}
Missiles
 d - 39 poisoned darts (quivered)
 e - 3 curare-tipped darts
 h - 68 stones
Armour
 c - a +2 cloak (worn)
 z - a +2 hat (worn)
 N - +0 swamp dragon scales (worn)
Jewellery
 o - a +6 ring of dexterity (left grasper)
 u - an amulet of regeneration (around neck)
 A - a ring of see invisible (right grasper)
 C - a ring of protection from cold
 H - a +5 ring of evasion
 M - a +6 ring of dexterity
Wands
 q - a wand of polymorph (8)
 y - a wand of iceblast (5)
 G - a wand of flame (23)
 L - a wand of quicksilver (4)
Scrolls
 g - 5 scrolls of teleportation
 i - a scroll of fog {unknown}
 k - 2 scrolls of vulnerability {unknown}
 m - 2 scrolls of identify
 r - a scroll of blinking {unknown}
 s - a scroll of enchant armour
 v - a scroll of butterflies {unknown}
 F - 2 scrolls of revelation
 I - 2 scrolls of amnesia {unknown}
 J - a scroll of acquirement {unknown}
 P - a scroll of noise {unknown}
 Q - a scroll of fear {unknown}
 S - a scroll of enchant weapon {unknown}
 T - a scroll of poison {unknown}
Potions
 b - a potion of berserk rage
 j - a potion of ambrosia
 n - 7 potions of curing
 p - a potion of might
 w - 3 potions of invisibility
 x - 2 potions of mutation
 E - a potion of haste
 K - a potion of magic {unknown}
 O - 4 potions of degeneration
 R - a potion of attraction {unknown}
Miscellaneous
 f - a phial of floods


   Skills:
 - Level 8.0 Fighting
 + Level 10.6 Short Blades
 - Level 1.7 Throwing
 + Level 6.8 Armour
 + Level 7.5 Dodging
 - Level 10.0 Stealth
 - Level 8.0 Evocations


You had 11 spell levels left.
You didn't know any spells.
Your spell library contained the following spells:

 Spells                   Type           Power      Damage    Failure   Level
 Freeze                   Ice            0%         1d3       56%         1
 Ensorcelled Hibernation  Hex/Ice        0%         N/A       71%         2
 Frozen Ramparts          Ice            0%         1d1       91%         3
 Fugue of the Fallen      Necr           0%         N/A       91%         3
 Hailstorm                Conj/Ice       0%         3d5       91%         3
 Ozocubu's Armour         Ice            0%         N/A       91%         3
 Passwall                 Erth           0%         N/A       91%         3
 Summon Ice Beast         Ice/Summ       0%         N/A       91%         3
 Swiftness                Air            0%         N/A       91%         3
 Leda's Liquefaction      Alch/Erth      0%         N/A       100%        4
 Manifold Assault         Tloc           0%         N/A       100%        4
 Petrify                  Alch/Erth      0%         N/A       100%        4
 Metabolic Englaciation   Hex/Ice        0%         N/A       100%        5
 Sculpt Simulacrum        Ice/Alch       0%         N/A       100%        6


Dungeon Overview and Level Annotations

Branches:
Dungeon (10/15)            Temple (1/1) D:5            Lair (3/5) D:8
  Snake (0/4) Lair:2        Sewer (visited)
  Swamp: Lair:2-3    Shoals: Lair:2-3       Orc: D:9-12

Altars:
Cheibriados
Dithmenos
Elyvilon
Gozag
Hepliaklqana
Kikubaaqudgha
Makhleb
Nemelex Xobeh
Okawaru
Qazlal
Ru
Sif Muna
Uskayaw
Vehumet
Wu Jian
Xom
Yredelemnul
The Shining One

Shops:
D:5 *   D:8 ![?

Annotations:
D:2 Natasha
D:4 4 runed translucent doors, exclusions: jelly and wyvern, Menkaure
D:5 Edmund
D:6 1 runed translucent door, exclusion: jelly, Crazy Yiuf; Jeremiah
D:7 1 runed translucent door, ToadDude's ghost, novice MDFi
D:9 exclusions: 2 centaurs and 7 killer bees
D:10 Harold


Innate Abilities, Weirdness & Mutations

You can wield a second weapon in your off-hand.
It takes a long time for you to wield or remove held weapons.
Your first few attacks do less damage.
Attacking and casting redirects power from your legs.


Message History

The blink frog blinks!
Unknown command.
You puncture the cane toad with your +0 spectral rapier!
The cane toad is severely wounded.
You barely miss the cane toad with your +0 rapier of venom.
You feel sick. The cane toad stings you! The water moccasin misses you.
You hit the water moccasin but do no damage.
The water moccasin is moderately wounded.
You hit the water moccasin with your +0 rapier of venom.
Your +0 spectral rapier {Thoko} hits the water moccasin.
You feel sick. The water moccasin misses you.
The blink frog blinks!
The cane toad stings you!!
* * * LOW HITPOINT WARNING * * *
As you read the scroll of teleportation, it crumbles to dust.
You feel strangely unstable.
Your +0 spectral rapier {Thoko} disappears.
You are no longer unable to travel.
You feel sick. The water moccasin misses you.
The cane toad stings you but does no damage.
Okay, then.
You hit the water moccasin but do no damage.
The water moccasin looks as sick as possible!
The water moccasin is heavily wounded.
You closely miss the water moccasin with your +0 spectral rapier.
Your +0 spectral rapier {Thoko} hits the water moccasin but does no damage.
You feel sick. The water moccasin barely misses you.
The cane toad barely misses you.
Unknown command.
You barely miss the water moccasin with your +0 spectral rapier.
The water moccasin is heavily wounded.
You puncture the water moccasin with your +0 rapier of venom!
The water moccasin looks as sick as possible!
Your +0 spectral rapier {Thoko} misses the water moccasin.
You feel sick. The water moccasin misses you.
The blink frog blinks!
You barely miss the water moccasin with your +0 rapier of venom.
The water moccasin is severely wounded.
You miss the water moccasin with your +0 spectral rapier.
Your +0 spectral rapier {Thoko} hits the water moccasin.
You feel sick. The cane toad stings you!
You die...

# ### #############
.#.##.###.##...#..#P.
....................†
.###...P#........##.
##(..##........###
#@S..###...#....#
#F#.P## ######..##
FSY#### #.## #.YY .)#
###.#.§.FF. ...
.....(..k . ...
##..P.[P. .F ###
...(.(. ..# ....
..(.÷♣....


You could see 3 yaks, a cane toad (poisoned), 2 water moccasins, a bullfrog
(poisoned) and a friendly +0 spectral rapier {Thoko}.

Vanquished Creatures
  A two-headed ogre (D:8)
  A salamander (Lair:2)
  2 black mambas
  A centaur zombie (D:9)
  6 elephants (Lair:2)
  6 cane toads
  Maggie (D:10)
  3 rime drakes
  4 komodo dragons
  A troll (D:8)
  2 hornets (D:9)
  3 meliai zombies (D:9)
  5 dream sheep
  5 blink frogs
  21 yaks
  4 wyverns
  2 vampires
  A wraith (D:9)
  A basilisk (Lair:1)
  A steam dragon (D:10)
  3 nagas (Lair:2)
  Pargi (Sewer)
  10 water moccasins
  Duvessa (D:5)
  An orc warrior (D:9)
  An ice beast (D:5)
  3 ogres
  3 black bears
  2 wolves (D:8)
  A centaur (D:8)
  5 kobold brigands
  11 bullfrogs
  Blork the orc (D:5)
  8 wights
  Dowan (D:5)
  15 killer bees
  A vampire bat (D:9)
  4 electric eels
  9 howler monkeys
  A bombardier beetle (D:3)
  5 hounds
  2 orc priests (D:9)
  2 sleepcaps
  An iguana (D:4)
  Ijyb (D:3)
  4 orc wizards
  Terence (D:2)
  7 gnolls (D:3)
  13 adders
  2 white imps
  2 ufetubi (D:5)
  3 ribbon worms
  A dart slug (D:2)
  17 orcs
  8 endoplasms
  5 giant cockroaches
  9 hobgoblins
  7 jackals
  28 kobolds
  10 ball pythons
  10 bats
  9 frilled lizards
  5 goblins
  3 rats
308 creatures vanquished.

Vanquished Creatures (others)
  4 spectral weapons
4 creatures vanquished.

Grand Total: 312 creatures vanquished

Notes
Turn   | Place    | Note
-------+----------+-------------------------------------------
     0 | D:1      | Ceno the Coglin Brigand began the quest for the Orb.
     0 | D:1      | Reached XP level 1. HP: 16/16 MP: 1/1
    45 | D:1      | Reached XP level 2. HP: 22/22 MP: 2/2
   235 | D:1      | Reached XP level 3. HP: 25/28 MP: 3/3
   744 | D:1      | Reached XP level 4. HP: 30/34 MP: 4/4
  1012 | D:2      | Noticed Terence
  1120 | D:2      | Noticed Natasha
  1232 | D:2      | Killed Terence
  1372 | D:3      | Reached XP level 5. HP: 33/41 MP: 5/5
  1865 | D:3      | Reached XP level 6. HP: 47/47 MP: 6/6
  1889 | D:3      | Noticed Ijyb
  1900 | D:3      | Killed Ijyb
  2033 | D:3      | Found an iron altar of Okawaru.
  2389 | D:4      | Reached skill level 1 in Evocations
  2669 | D:4      | Found a large runed translucent door.
  2669 | D:4      | Found a large runed translucent door.
  2676 | D:4      | Reached XP level 7. HP: 51/53 MP: 7/7
  2696 | D:4      | Noticed a wyvern
  2734 | D:4      | Found a large runed translucent door.
  2734 | D:4      | Found a large runed translucent door.
  2743 | D:4      | Noticed Menkaure
  2785 | D:5      | Entered Level 5 of the Dungeon
  2929 | D:5      | Noticed Duvessa
  2929 | D:5      | Noticed Dowan
  2952 | D:5      | Killed Duvessa
  3021 | D:5      | Killed Dowan
  3091 | D:5      | Noticed Blork the orc
  3101 | D:5      | Killed Blork the orc
  3102 | D:5      | Reached skill level 5 in Short Blades
  3102 | D:5      | Reached skill level 5 in Stealth
  3246 | D:5      | Noticed Edmund
  3281 | D:5      | Found Voudif's Serpentskin Sales.
  3367 | D:6      | Found a basalt altar of Yredelemnul.
  3439 | D:6      | Noticed Jeremiah
  3637 | D:6      | Found a glowing drain.
  3668 | Sewer    | Entered a sewer
  3741 | Sewer    | Noticed Pargi
  3758 | Sewer    | Killed Pargi
  3759 | Sewer    | Reached XP level 8. HP: 61/61 MP: 8/8
  4128 | D:6      | Found a runed translucent door.
  4129 | D:6      | Noticed Crazy Yiuf
  4459 | D:6      | Found an ornate altar of the Wu Jian Council.
  4870 | D:6      | Reached skill level 5 in Fighting
  4947 | D:7      | Found a runed translucent door.
  4947 | D:7      | Noticed ToadDude's ghost (novice MDFi)
  4958 | D:7      | Found a stormy altar of Qazlal.
  5162 | D:7      | Reached skill level 5 in Evocations
  5423 | D:7      | Reached XP level 9. HP: 69/69 MP: 9/9
  5775 | D:5      | Found a staircase to the Ecumenical Temple.
  5784 | Temple   | Entered the Ecumenical Temple
  5798 | Temple   | Became a worshipper of Dithmenos the Shadowed
  5969 | D:8      | Noticed a troll
  6223 | D:8      | Killed a troll
  6249 | D:8      | Found a staircase to the Lair.
  6887 | D:8      | Noticed a two-headed ogre
  6891 | D:8      | Killed a two-headed ogre
  6892 | D:8      | Reached XP level 10. HP: 75/79 MP: 10/10
  6898 | D:8      | Reached skill level 1 in Dodging
  6899 | D:8      | Found Baupedwy's Armour Emporium.
  7017 | D:8      | Found Kablyaf's Magic Scroll Emporium.
  7020 | D:8      | Found a glowing golden altar of the Shining One.
  7316 | D:8      | Found Esumoosch's Distillery.
  7389 | D:9      | Upgraded the game from 0.32-a0-411-g744942f433 to
                  | 0.32-a0-422-g28b100f618
  7652 | D:9      | Reached * piety under Dithmenos
  7663 | D:9      | Paralysed by a hornet for 3 turns
  7985 | D:9      | Reached skill level 1 in Armour
  8226 | D:10     | Entered Level 10 of the Dungeon
  8301 | D:10     | Reached XP level 11. HP: 83/86 MP: 11/11
  8313 | D:10     | Noticed Maggie
  8340 | D:10     | Killed Maggie
  8559 | D:10     | Reached ** piety under Dithmenos
  8841 | D:10     | Noticed Harold
  8990 | Lair:1   | Entered Level 1 of the Lair of Beasts
  9291 | Lair:1   | Reached skill level 5 in Dodging
 10399 | Lair:2   | Reached XP level 12. HP: 67/92 MP: 12/12
 10475 | Lair:2   | Reached *** piety under Dithmenos
 10523 | Lair:2   | Reached skill level 5 in Armour
 10975 | Lair:2   | Found a burning altar of Makhleb.
 11242 | Lair:2   | Reached skill level 10 in Short Blades
 11299 | Lair:2   | Reached skill level 10 in Stealth
 11380 | Lair:2   | Found the +8 whip "Snakebite" {venom, curare, rPois}
 11493 | Lair:2   | Found a staircase to the Snake Pit.
 12117 | Lair:3   | Slain by a cane toad

Illustrated notes

Levels and vault maps discovered:
D:1:      tarquinn_simple_flora_water_d, layout_basic
D:2:      layout_basic, uniq_terence, uniq_natasha
D:3:      layout_loops_ring, marbit_many_paths, uniq_ijyb
D:4:      layout_basic, minmay_hollow_rounded_squares, uniq_menkaure
D:5:      layout_basic, lemuel_temple_firewalk_b, grunt_decor_mini_mirrors,
          guppyfry_shop_venom, uniq_duvessa, uniq_blork_the_orc, uniq_edmund
D:6:      layout_layer_cave, lemuel_doored_altar, mainiacjoe_overflow_catwalk,
          cheibrodos_sewer_entry_bend, uniq_crazy_yiuf_cottage, uniq_jeremiah
D:7:      layout_rooms, nicolae_qazlal_scattered_showers,
          hellmonk_ghost_happy_afterlife, minmay_misc_feat_plants
D:8:      layout_basic, tso_oasis_becter, erik_lair_island, serial_shops,
          nicolae_diamond_shop, nicolae_shop_tiny_glass, kennysheep_mini,
          dreamdust_princess_bridge
D:9:      bobbens_index_wilting_gardens, layout_grid_maze, roderic_batcave
D:10:     layout_irregular_city, nicolae_overflow_macrodata_refinement,
          roderic_lattice_a, minmay_stone_trees_small, grunt_ministairs_10,
          uniq_harold, uniq_maggie
Temple:   nicolae_temple_god_jail
Lair:1:   layout_small_grid, infiniplex_staircase_pool
Lair:2:   minmay_guarded_unrand_snakebite, layout_regular_city,
          alex1729_snake_entry_snake, basic_altar, nicolae_lair_lil_pond,
          grunt_megastairs_3
Lair:3:   layout_misc_corridors, minmay_shoals_entry_lonely_mermaid,
          basic_altar, lemuel_fruit_tree, grunt_megastairs_4,
          lemuel_fruit_fields

Skill      XL: |  1  2  3  4  5  6  7  8  9 10 11 12 |
---------------+-------------------------------------+-----
Short Blades   | 2 3 4 5 6 7 8 9 10 | 10.6
Fighting       | 3 4 5 7 8 |  8.0
Stealth        | 4 5 6 7 8 9 10 | 10.0
Evocations     | 1 4 5 8 |  8.0
Dodging        | 3 5 7 |  7.5
Armour         | 2 4 6 |  6.8
Throwing       | |  1.7

Action                     |  1- 3 |  4- 6 |  7- 9 | 10-12 || total
---------------------------+-------+-------+-------+-------++-------
  Melee: Dagger            |    59 |   104 |   183 |       ||   346
         Short sword       |    41 |    95 |   196 |       ||   332
         Rapier            |       |       |   134 |  1119 ||  1253
  Throw: Dart              |       |    13 |    18 |    62 ||    93
         Stone             |       |     1 |     2 |     2 ||     5
         Throwing net      |       |       |     1 |       ||     1
 Invoke: Shadow Step       |       |       |       |     1 ||     1
  Evoke: Wand              |       |       |     1 |     4 ||     5
    Use: Scroll            |       |     5 |     6 |     6 ||    17
         Potion            |       |       |       |     1 ||     1
   Stab: Sleeping          |     3 |    12 |     9 |    17 ||    41
         Distracted        |       |     1 |       |    13 ||    14
         Held in net/web   |       |       |     1 |       ||     1
 Armour: Robe              |     8 |       |       |       ||     8
         Leather armour    |    18 |    22 |       |       ||    40
         Ring mail         |       |    17 |   189 |   121 ||   327
         Swamp dragon scal |       |       |       |   197 ||   197
  Dodge: Dodged            |    37 |    40 |   107 |   332 ||   516

Table legend: (Time is in decaauts)
 A = Elapsed time spent in this place.
 B = Non-inter-level travel time spent in this place.
 C = Inter-level travel time spent in this place.
 D = Time resting spent in this place.
 E = Time spent auto-exploring this place.
 F = Levels seen in this place.
 G = Mean time per level.
                   A        B        C        D        E       F      G
               +--------+--------+--------+--------+--------+-----+--------+
         Total |  11886 |  11085 |    801 |    871 |   5813 |  15 |  792.4 |
       Dungeon |   8704 |   7979 |    725 |    629 |   4215 |  10 |  870.4 |
        Temple |     24 |     15 |      9 |      0 |      0 |   1 |   24.0 |
          Lair |   3010 |   2943 |     67 |    242 |   1592 |   3 | 1003.3 |
         Sewer |    146 |    146 |      0 |      0 |      5 |   1 |  146.0 |
               +--------+--------+--------+--------+--------+-----+--------+

Top non-repeatable levels by time:
     D:8: 1513 daAuts
     D:6: 1469 daAuts
  Lair:2: 1382 daAuts
  Lair:1: 1334 daAuts
     D:1: 879 daAuts
     D:9: 861 daAuts
     D:3: 793 daAuts
     D:7: 776 daAuts
     D:5: 666 daAuts
    D:10: 664 daAuts
     D:2: 649 daAuts
     D:4: 430 daAuts
  Lair:3: 294 daAuts
   Sewer: 146 daAuts
  Temple: 24 daAuts
